 Dungeon Crawl Stone Soup version 0.25-a0-310-g60f0ac2d9a (webtiles) character file.

Game seed: 12836024341236549297, levelgen mode: classic

133 Borgoz the Skirmisher (level 5, 0/49 HPs)
             Began as a Kobold Fighter on Dec 23, 2019.
             Slain by a centaur (4 damage)
             ... on level 4 of the Dungeon.
             The game lasted 00:02:03 (1302 turns).

Borgoz the Skirmisher (Kobold Fighter)              Turns: 1302, Time: 00:02:03

Health: 0/49       AC:  7    Str: 19    XL:     5   Next: 40%
Magic:  5/5        EV: 11    Int:  9    God:
Gold:   100        SH:  9    Dex: 15    Spells: 4/4 levels left

rFire    . . .     SeeInvis .   a - +0 rapier
rCold    . . .     Gourm    .   c - +0 shield
rNeg     . . .     Faith    .   b - +0 scale mail
rPois    .         Spirit   .   (no helmet)
rElec    .         Reflect  .   (no cloak)
rCorr    .         Harm     .   l - +0 pair of gloves
MR       .....                  (no boots)
Stlth    ..........             (no amulet)
HPRegen  0.16/turn              o - +1 ring of evasion
MPRegen  0.09/turn              (no ring)

@: mighty, berserking (expiring), very slightly contaminated, invisible, very
quick
A: small, carnivore
a: no special abilities


You were on level 4 of the Dungeon.
You were completely stuffed.

You visited 1 branch of the dungeon, and saw 3 of its levels.

You collected 100 gold pieces.

Inventory:

Hand Weapons
 a - a +0 rapier (weapon)
Armour
 b - a +0 scale mail (worn)
 c - a +0 shield (worn)
 l - a +0 pair of gloves (worn)
Jewellery
 o - a +1 ring of evasion (left hand)
Scrolls
 g - a scroll of enchant armour {unknown}
 k - 2 scrolls of identify {unknown}
 p - 2 scrolls of blinking {unknown}
Potions
 e - a potion of degeneration {unknown}
 h - a potion of magic {unknown}
 i - a potion of cancellation {unknown}
 j - a potion of lignification {unknown}
 n - a potion of invisibility
Comestibles
 f - 5 rations


   Skills:
 * Level 4.2 Fighting
 * Level 3.8 Short Blades
 * Level 3.0 Armour
 * Level 2.3 Dodging
 + Level 2.8 Shields


You had 4 spell levels left.
You didn't know any spells.
Your spell library was empty.

Dungeon Overview and Level Annotations

Branches:
Dungeon (2/15)

Altars:
Fedhas
Gozag


Innate Abilities, Weirdness & Mutations

You are small and have problems with some larger weapons.
You are carnivorous and can eat meat at any time.


Message History

You are very lightly contaminated with residual magic.
It was a potion of berserk rage.
A red film seems to cover your vision as you go berserk!
You feel yourself moving faster!
You feel mighty! The hound closely misses you. You block the centaur's attack.
The hound bites you.
* * * LOW HITPOINT WARNING * * *
You closely miss the centaur.
The centaur is heavily wounded.
The centaur closely misses you.
The hound stops to sniff the ground.
The hound bites you.
* * * LOW HITPOINT WARNING * * *
You puncture the hound!
You kill the hound!
Your Armour skill increases to level 3!
The centaur hits you but does no damage.
You see here a hound corpse.
You feel a strong urge to attack something.
The centaur hits you.
You die...

... .# . ..# #..
... #.. ...#
...#####.###...#
....>.#.[.......
#.....^.........
#............
#..†.# #...@##
......#?c##
......##...#
............#
......#.#.[##
....[ ###.##
..... ###


You could see a centaur.

Vanquished Creatures
  A hound (D:4)
  Jessica (D:2)
  2 adders (D:2)
  2 oozes (D:1)
  2 worms (D:2)
  2 dart slugs (D:2)
  2 leopard geckos (D:1)
  2 bats (D:1)
  2 giant cockroaches
  6 goblins
  4 hobgoblins
  7 kobolds
  3 frilled lizards
  6 rats
42 creatures vanquished.

Notes
Turn   | Place    | Note
-------+----------+-------------------------------------------
     0 | D:1      | Borgoz the Kobold Fighter began the quest for the Orb.
     0 | D:1      | Reached XP level 1. HP: 14/14 MP: 1/1
    94 | D:1      | Reached XP level 2. HP: 16/19 MP: 2/2
   309 | D:1      | Reached skill level 1 in Dodging
   403 | D:1      | Reached XP level 3. HP: 21/23 MP: 3/3
   791 | D:2      | Found an opulent altar of Gozag.
   791 | D:2      | Found a blossoming altar of Fedhas.
   830 | D:2      | Reached XP level 4. HP: 24/29 MP: 4/4
  1075 | D:2      | Reached skill level 4 in Fighting
  1231 | D:2      | Noticed Jessica
  1237 | D:2      | Killed Jessica
  1237 | D:2      | Reached XP level 5. HP: 33/33 MP: 5/5
  1285 | D:2      | You fall into a shaft and drop 2 floors!
  1285 | D:4      | Noticed a centaur
  1302 | D:4      | Slain by a centaur

Levels and vault maps discovered:
D:1:      dpeg_arrival_ratfight, layout_rooms, roderic_roman_lattice
D:2:      minmay_diamond_boxcup, layout_loops_ring,
          chequers_temple_overflow_statue_of_worship, uniq_jessica
D:4:      layout_cave_pools, first_ration, serial_shops,
          nicolae_shop_window_shopping

Skill      XL: |  1  2  3  4  5 |
---------------+----------------+-----
Short Blades   | 3 |  3.8
Dodging        | 1 2 |  2.3
Fighting       | 4 |  4.2
Armour         | 3 |  3.0
Shields        | |  2.8

Action                   |  1- 3 |  4- 6 || total
-------------------------+-------+-------++-------
Melee: Rapier            |   127 |    64 ||   191
  Use: Potion            |       |     3 ||     3
  Eat: Chunk             |     8 |     2 ||    10
Armor: Scale mail        |    58 |    23 ||    81
Dodge: Dodged            |    53 |    29 ||    82
Block: Shield            |    68 |    23 ||    91

Table legend:
 A = Non-vault XP
 B = Vault XP
 C = Vault XP percentage of total XP
 D = Non-vault monster count
 E = Vault monster count
 F = Vault count percentage of total count
                 A         B        C        D         E       F
            +---------+---------+-------+---------+---------+-------
      Total |     119 |      72 |  37.7 |      28 |      14 |  33.3
            +---------+---------+-------+---------+---------+-------
        D:1 |      44 |       5 |  10.2 |      17 |       5 |  22.7
        D:2 |      32 |      67 |  67.7 |      10 |       9 |  47.4
        D:4 |      43 |       0 |   0.0 |       1 |       0 |   0.0
            +---------+---------+-------+---------+---------+-------
